Match 45738669
Unlisted

Match 45738669
End
Royal Engineer Section
Construct Section Command Post
Infantry Section
Infantry Section
Infantry Section
Construct Field Infirmary
Construct Platoon Command Post
Unlock M3 Stuart Light Tanks
M3 Stuart Light Tank
M3 Stuart Light Tank
Light Vehicle Training
Selects Heavy Armor Battlegroup
Selects Rigorous Vehicle Training
Selects Forward Repair Assembly
Selects Light Vehicle Withdraw and Refit
Infantry Training
M3 Stuart Light Tank
6-pounder Anti-tank Gun Team
6-pounder Anti-tank Gun Team
Selects UNKNOWN (2162094)
Selects Radio Net
Construct Company Command Post
Selects Recon Artillery
Recon Artillery
Churchill IV Heavy Tank
Armored Vehicle Training
6-pounder Anti-tank Gun Team
Recon Artillery
Churchill IV Heavy Tank
Foot Guards Section
Recon Artillery
Royal Engineer Section
Churchill IV Heavy Tank
Recon Artillery
Recon Artillery
Churchill IV Heavy Tank
6-pounder Anti-tank Gun Team
Recon Artillery
Churchill IV Heavy Tank
Foot Guards Section
6-pounder Anti-tank Gun Team
Recon Artillery
Foot Guards Section
Crusader II Medium Tank
Foot Guards Section
Recon Artillery
nub
oziligath
506767261
冥雨
Ashbee
吃饭没没吃饭吃我两拳
Diter Rams
周杰伦
0
0

Comments sign in to comment!

No comments posted yet!